cohdb
Replays
Latest Replays
All Replays
Popular Replays
Top Player Replays
Match Explorer
How It Works
Community
CoH3 Stats
Reddit
Sign in to upload your games and track your stats! →
Sign in with Steam
Match 47348201
Unlisted
Match 47348201
Overview
Messages
Build Orders
End
Vickers Machine Gun Team
Selects Air and Sea Battlegroup
Selects Supply Surplus
Construct Section Command Post
Vickers Machine Gun Team
Infantry Section
Infantry Section
Construct Platoon Command Post
Construct Company Command Post
Construct Resource Cache
Construct Resource Cache
Selects Commando Section Paradrop
Selects M1 Pack Howitzer Paradrop
M1 Pack Howitzer Paradrop
Unlock M3 Grant Medium Tanks
Construct Field Infirmary
M3 Grant Medium Tank
M3 Grant Medium Tank
M3 Grant Medium Tank
Forward Retreat Point
Infantry Section
Grenade Package
Royal Engineer Section
M3 Grant Medium Tank
M3 Grant Medium Tank
potatoo
소화기
0
0
Comments
sign in to comment!
No comments posted yet!